 Dungeon Crawl Stone Soup version 0.32-a0-918-g0f22ef8d61 (console) character file.

Game seed: 13806617042118524416

168446 jejorda2 the Spear-Bearer (level 17, -4/138 HPs)
             Began as a Gnoll Berserker on Apr 11, 2024.
             Was the Champion of Trog.
             Slain by a six-headed hydra simulacrum (15 damage)
             ... on level 4 of the Swamp on Apr 12, 2024.
             The game lasted 01:41:11 (30434 turns).

jejorda2 the Spear-Bearer (Gnoll Berserker)        Turns: 30434, Time: 01:41:13

Health: -4/138     AC: 32    Str: 24    XL:     17   Next: 94%
Magic:  33/33      EV: 12    Int:  8    God:    Trog [******]
Gold:   690        SH: 18    Dex: 19    Spells: 40/40 levels left

rFire   + + .        a - +2 demon trident (freeze)
rCold   + . .        V - +0 tower shield
rNeg    . . .        d - +3 plate armour {rF+}
rPois   +            F - +1 helmet "Siumn" {+Inv Dex+5 Slay+2}
rElec   .            c - +2 cloak
rCorr   .            I - +2 pair of gloves
SInv    .            W - +2 pair of boots {Stlth+}
Will    +....        e - amulet of regeneration
Stlth   ++           N - ring "Winnehibb" {rPois rF+ rC+ Dex+3}
HPRegen 1.23/turn    q - ring of flight
MPRegen 0.23/turn

%: no passive effects
@: about to teleport, on berserk cooldown, flying, slowed, very slow
A: fangs 1, strong nose, distributed training
a: Renounce Religion, Evoke Invisibility, Berserk, Trog's Hand, Brothers in Arms


You were on level 4 of the Swamp.
You worshipped Trog.
Trog was exalted by your worship.
You visited 4 branches of the dungeon, and saw 26 of its levels.
You visited the Abyss 1 time.
You also visited: Trove and Volcano.

You collected 3903 gold pieces.
You spent 3213 gold pieces at shops.

Inventory:

Hand Weapons
 a - a +2 demon trident of freezing (weapon)
 b - the +9 demon whip of Fuhunupe {flame, *Rage Dex+5 SInv}
   (Trog gifted it to you on level 3 of the Lair of Beasts)

   Dex+5:     It affects your dexterity (+5).
   SInv:      It lets you see invisible.
   *Rage:     It berserks you when you make melee attacks (+20% chance).
 w - the +9 long sword of Corruption {speed, rElec rN+}
   (You found it on level 7 of the Dungeon)

   rElec:     It insulates you from electricity.
   rN+:       It protects you from negative energy.
Missiles
 g - 20 boomerangs (quivered)
 l - 20 poisoned darts
 n - 11 javelins
 D - 10 curare-tipped darts
 K - a throwing net
 O - 6 silver javelins
Armour
 c - a +2 cloak (worn)
 d - a +3 plate armour of fire resistance (worn)
 F - the +1 helmet "Siumn" (worn) {+Inv Dex+5 Slay+2}
   (You bought it in a shop on level 9 of the Dungeon)

   Dex+5:     It affects your dexterity (+5).
   Slay+2:    It affects your accuracy & damage with ranged weapons and melee
   (+2).
   +Inv:      It lets you turn invisible.
 I - a +2 pair of gloves (worn)
 V - a +0 tower shield (worn)
 W - a +2 pair of boots of stealth (worn)
Jewellery
 e - an amulet of regeneration (around neck)
 k - a +4 ring of protection
 q - a ring of flight (right hand)
 J - a ring of protection from fire
 L - a ring of resist corrosion
 N - the ring "Winnehibb" (left hand) {rPois rF+ rC+ Dex+3}
   (You bought it in a shop on level 11 of the Dungeon)

   [ring of poison resistance]

   Dex+3:     It affects your dexterity (+3).
   rF+:       It protects you from fire.
   rC+:       It protects you from cold.
   rPois:     It protects you from poison.
Wands
 f - a wand of charming (20)
 j - a wand of flame (56)
 y - a wand of warping (25)
 H - a wand of mindburst (12)
 S - a wand of quicksilver (13)
Scrolls
 p - 3 scrolls of silence
 t - a scroll of immolation
 v - 2 scrolls of fear
 x - 3 scrolls of teleportation
 B - 6 scrolls of revelation
 G - 3 scrolls of blinking
 Q - 6 scrolls of poison
 U - 3 scrolls of fog
Potions
 h - 2 potions of cancellation
 i - a potion of magic {unknown}
 o - 10 potions of curing
 r - 6 potions of enlightenment
 s - a potion of mutation
 u - 7 potions of haste
 z - 4 potions of invisibility
 A - a potion of heal wounds
 C - 5 potions of ambrosia
 M - a potion of might
 P - a potion of resistance
 R - 2 potions of attraction
Miscellaneous
 m - a lightning rod (4/4)
 E - a condenser vane
 T - a phial of floods


   Skills:
 + Level 13.9 Fighting
 + Level 12.4 Short Blades
 + Level 12.4 Long Blades
 + Level 12.4 Axes
 + Level 12.4 Maces & Flails
 + Level 13.9 Polearms
 + Level 12.4 Staves
 + Level 12.4 Ranged Weapons
 + Level 12.4 Throwing
 + Level 13.2 Armour
 + Level 13.2 Dodging
 + Level 12.4 Stealth
 + Level 12.4 Shields
 + Level 12.4 Unarmed Combat
 + Level 12.4 Spellcasting
 + Level 10.5 Conjurations
 + Level 10.5 Hexes
 + Level 10.5 Summonings
 + Level 10.5 Necromancy
 + Level 10.5 Translocations
 + Level 10.5 Fire Magic
 + Level 10.5 Ice Magic
 + Level 10.5 Air Magic
 + Level 10.5 Earth Magic
 + Level 10.5 Alchemy
 + Level 13.5 Invocations
 + Level 12.4 Evocations
 + Level 11.4 Shapeshifting


You had 40 spell levels left.
You didn't know any spells.
Your spell library was empty.

Dungeon Overview and Level Annotations

Branches:
Dungeon (15/15)            Temple (0/1) D:4            Lair (5/5) D:9
  Swamp (4/4) Lair:2       Spider (0/4) Lair:2        Slime (0/5) Lair:4
    Orc (2/2) D:12            Elf (0/3) Orc:2        Vaults (0/5) D:13
 Depths (0/4) D:15        Volcano (visited)

Altars:
Elyvilon
Fedhas
Hepliaklqana
Kikubaaqudgha
Makhleb
Nemelex Xobeh
Qazlal
Ru
Sif Muna
Uskayaw
Vehumet
Xom
The Shining One
Beogh
Jiyva

Shops:
D:8 =   D:9 [   D:10 *   D:11 *   Orc:2 :(?*?


Innate Abilities, Weirdness & Mutations

You have very sharp teeth.
Your uncanny sense of smell can sniff out nearby items.
Your experience applies equally to all skills.


Message History

* * * LOW HITPOINT WARNING * * *
The eight-headed hydra simulacrum bites you but does no damage.
You block the eight-headed hydra simulacrum's attack.
The eight-headed hydra simulacrum completely misses you.
You block the eight-headed hydra simulacrum's attack.
The eight-headed hydra simulacrum bites you but does no damage. x2
You impale the eight-headed hydra simulacrum!!
The eight-headed hydra simulacrum vaporises!
Trog accepts your kill.
You hit the six-headed hydra simulacrum.
The six-headed hydra simulacrum is lightly damaged.
You are no longer berserk.
You are exhausted.
You feel yourself slow down.
Unknown command.
You hit the six-headed hydra simulacrum.
The six-headed hydra simulacrum is moderately damaged.
The six-headed hydra simulacrum bites you but does no damage.
You block the six-headed hydra simulacrum's attack.
The six-headed hydra simulacrum barely misses you.
The six-headed hydra simulacrum bites you!
* * * LOW HITPOINT WARNING * * *
The six-headed hydra simulacrum freezes you!
You resist.
* * * LOW HITPOINT WARNING * * *
The six-headed hydra simulacrum bites you but does no damage. x2
Unknown command.
As you read the scroll of teleportation, it crumbles to dust.
You feel strangely unstable.
You block the four-headed hydra simulacrum's attack.
The four-headed hydra simulacrum bites you but does no damage. x3
You block the six-headed hydra simulacrum's attack.
The six-headed hydra simulacrum bites you but does no damage.
You block the six-headed hydra simulacrum's attack. x2
The six-headed hydra simulacrum bites you but does no damage.
The six-headed hydra simulacrum bites you.
* * * LOW HITPOINT WARNING * * *
The six-headed hydra simulacrum freezes you!
You resist.
You die...

##D.# ♣♣≈≈≈≈≈≈≈
##..# ♣♣≈≈≈≈≈.≈≈
#.Z# ♣♣≈≈≈≈..~..
#Z[# ♣≈≈≈≈......
#.n# ♣♣≈≈....~.~
#D.♣# ♣♣≈≈.♣..~~
##.Z##♣♣♣♣♣♣♣♣.♣^.[
###ZZ#♣≈≈♣♣ ♣♣.♣♣♣~
#.@Z##♣≈≈≈♣♣♣.♣~~♣.
##..##♣♣≈≈≈♣.♣.....
##..#♣♣≈≈..♣♣.~~~~
#..##♣≈≈..♣♣§~~~~~
#..# ♣♣..♣♣♣.~~~.~
#..# #≈.≈≈♣♣~~~..~
#..#♣#.≈.≈≈♣♣..~.~
#♣.#.#♣≈≈.≈≈≈♣.~.§~
#.#......≈≈≈♣♣....~


You could see an eight-headed hydra simulacrum, a six-headed hydra simulacrum, a
five-headed hydra simulacrum and a four-headed hydra simulacrum.

Vanquished Creatures
  A tentacled monstrosity (Swamp:1)
  Rupert (D:13)
  2 thorn hunters
  A tentacled starspawn (Abyss:2)
  Donald (Lair:2)
  A fire giant (D:13)
  2 fenstrider witches (Swamp:3)
  Louise (D:14)
  4 ghouls (Swamp:1)
  An orc warlord (D:14)
  2 eleionomae (Swamp:4)
  Nessos (Lair:3)
  5 bunyips
  Snorg (D:13)
  An entropy weaver (D:13)
  Josephine (D:14)
  An ettin (Orc:1)
  5 shambling mangroves
  18 hydras
  A ghost crab (Swamp:4)
  3 catoblepae (Lair:5)
  4 ogre magi (Orc:2)
  4 ice dragons (Swamp:4)
  14 two-headed ogres
  A vault guard (D:13)
  7 alligators
  8 centaur warriors
  13 death yaks
  5 tengu warriors
  A deep troll earth mage (D:15)
  4 boulder beetles
  2 orc high priests
  An occultist (D:15)
  A hell knight (Volcano)
  Sonja (Orc:2)
  4 skeletal warriors
  The ghost of porpoise the Spear-Bearer, a novice DsGl (D:6)
  2 skysharks
  4 goliath frogs
  A death drake (Swamp:2)
  An orange crystal statue (Swamp:1)
  A sun moth (shapeshifter) (D:13)
  3 spriggan druids
  An orb spider (Lair:2)
  3 bog bodies
  7 swamp dragons
  2 deep elf pyromancers
  2 lindwurms
  13 orc knights
  A phantasmal warrior (D:13)
  An orc sorcerer (D:14)
  5 oklob plants (Lair:4)
  3 will-o-the-wisps
  6 manticores
  Maurice (D:7)
  6 ugly things
  13 elephants
  A kobold blastminer (Orc:1)
  7 cyclopes
  3 meliai (D:14)
  3 black mambas
  2 gargoyles
  4 cane toads
  The ghost of ninjaread99 the Conjurer, a novice DrCj of Vehumet (D:6)
  2 rime drakes
  11 komodo dragons
  A kobold demonologist (D:8)
  4 freezing wraiths (Swamp:4)
  A rime drake (shapeshifter) (D:8)
  4 efreet
  A bloated husk (Swamp:3)
  3 trolls
  A wolf spider simulacrum (Lair:2)
  Prince Ribbit (D:5)
  6 tyrant leeches
  22 hornets
  2 polar bears
  9 spriggans
  A centaur simulacrum (D:14)
  3 slime creatures (D:12)
  4 shadows
  7 wyverns
  9 wraiths
  70 yaks
  2 basilisks
  2 vampire mosquitoes (D:11)
  A dire elephant simulacrum (Lair:2)
  A steam dragon (D:8)
  2 wargs (D:12)
  3 swamp worm simulacra (Swamp:4)
  16 swamp worms
  4 acid dragons
  12 hydra simulacra
  17 water moccasins
  A sky beast (shapeshifter) (D:15)
  A sky beast (D:6)
  34 orc warriors
  3 ice beasts
  29 ogres
  5 laughing skulls
  20 centaurs
  8 wolves
  5 kobold brigands
  2 earth elementals
  9 bullfrogs
  5 scorpions
  10 wights
  5 killer bees (D:8)
  A howler monkey (D:8)
  7 electric eels (D:13)
  16 orc priests
  A bombardier beetle (D:5)
  3 jellies
  A water moccasin simulacrum (Lair:2)
  A gnoll bouda (D:8)
  A sleepcap (D:7)
  4 iguanas
  15 orc wizards
  A bullfrog simulacrum (Lair:2)
  7 gnolls
  6 adders
  4 shadow imps
  A white imp (D:6)
  4 ufetubi (D:6)
  5 swamp drake simulacra (Swamp:4)
  A ribbon worm (D:2)
  2 dart slugs
  74 orcs
  4 endoplasms
  2 giant cockroaches
  10 hobgoblins
  3 jackals (D:4)
  A quokka (D:5)
  8 ball pythons
  3 bats (D:1)
  4 frilled lizards
  13 goblins
  15 kobolds
  7 rats
  3 starspawn tentacles (Abyss:2)
809 creatures vanquished.

Vanquished Creatures (collateral kills)
  The ghost of smashvw the Severer, a journeyman MiFi of Yredelemnul (Orc:1)
  3 elephants (Lair:1)
  A water moccasin (Lair:1)
  An ice beast (D:7)
6 creatures vanquished.

Vanquished Creatures (others)
  4 bloated husks (Swamp:1)
  An acid dragon (D:14)
  A centaur (D:8)
  14 foxfires
  A starspawn tentacle (Abyss:2)
21 creatures vanquished.

Grand Total: 836 creatures vanquished

Notes
Turn   | Place    | Note
-------+----------+-------------------------------------------
     0 | D:1      | jejorda2 the Gnoll Berserker began the quest for the Orb.
     0 | D:1      | Reached XP level 1. HP: 23/23 MP: 1/1
   172 | D:1      | Reached XP level 2. HP: 29/29 MP: 2/2
   357 | D:1      | Reached XP level 3. HP: 35/35 MP: 3/3
   382 | D:1      | Found a faded altar of an unknown god.
   431 | D:1      | Reached ** piety under Trog
   883 | D:2      | Reached skill level 1 in Invocations
  1194 | D:2      | Reached skill level 1 in Short Blades
  1194 | D:2      | Reached skill level 1 in Long Blades
  1194 | D:2      | Reached skill level 1 in Axes
  1194 | D:2      | Reached skill level 1 in Maces & Flails
  1194 | D:2      | Reached skill level 1 in Staves
  1194 | D:2      | Reached skill level 1 in Ranged Weapons
  1194 | D:2      | Reached skill level 1 in Throwing
  1194 | D:2      | Reached skill level 1 in Stealth
  1194 | D:2      | Reached skill level 1 in Shields
  1194 | D:2      | Reached skill level 1 in Unarmed Combat
  1194 | D:2      | Reached skill level 1 in Spellcasting
  1194 | D:2      | Reached skill level 1 in Evocations
  1702 | D:3      | Found a burning altar of Makhleb.
  1765 | D:3      | Reached skill level 1 in Shapeshifting
  1765 | D:3      | Reached XP level 4. HP: 41/41 MP: 5/5
  1833 | D:3      | You are sucked into a shaft and drop 1 floor!
  2124 | D:3      | Reached skill level 1 in Conjurations
  2124 | D:3      | Reached skill level 1 in Hexes
  2124 | D:3      | Reached skill level 1 in Summonings
  2124 | D:3      | Reached skill level 1 in Necromancy
  2124 | D:3      | Reached skill level 1 in Translocations
  2124 | D:3      | Reached skill level 1 in Fire Magic
  2124 | D:3      | Reached skill level 1 in Ice Magic
  2124 | D:3      | Reached skill level 1 in Air Magic
  2124 | D:3      | Reached skill level 1 in Earth Magic
  2124 | D:3      | Reached skill level 1 in Alchemy
  2325 | D:4      | Reached XP level 5. HP: 21/47 MP: 5/7
  2422 | D:4      | Found a sacrificial altar of Ru.
  2612 | D:4      | Noticed an ice beast
  2621 | D:4      | Killed an ice beast
  2622 | D:4      | Reached skill level 5 in Armour
  2622 | D:4      | Reached skill level 5 in Dodging
  2622 | D:4      | Reached XP level 6. HP: 53/53 MP: 8/8
  2870 | D:4      | Found a staircase to the Ecumenical Temple.
  3133 | D:4      | Found a shimmering blue altar of Sif Muna.
  3178 | D:5      | Entered Level 5 of the Dungeon
  3362 | D:5      | Reached *** piety under Trog
  3367 | D:5      | Reached XP level 7. HP: 60/60 MP: 10/10
  3455 | D:5      | Found an ancient bone altar of Kikubaaqudgha.
  3568 | D:5      | Found a shimmering altar of Xom.
  3579 | D:5      | Found a hazy altar of Hepliaklqana.
  3579 | D:5      | Found a radiant altar of Vehumet.
  3592 | D:5      | Found a white marble altar of Elyvilon.
  3604 | D:5      | Found a stormy altar of Qazlal.
  3765 | D:5      | Noticed Prince Ribbit
  3942 | D:5      | Killed Prince Ribbit
  4082 | D:5      | Reached XP level 8. HP: 67/67 MP: 12/12
  4636 | D:6      | Found a hide-covered altar of Uskayaw.
  5602 | D:6      | Reached XP level 9. HP: 20/70 MP: 14/14
  5838 | D:6      | Noticed a two-headed ogre
  5849 | D:6      | Killed a two-headed ogre
  6013 | D:6      | Found a runed translucent gate.
  6013 | D:6      | Found a runed translucent gate.
  6013 | D:6      | Found a runed translucent gate.
  6019 | D:6      | Noticed porpoise's ghost (novice DsGl)
  6019 | D:6      | Noticed ninjaread99's ghost (novice DrCj)
  6271 | D:6      | Reached skill level 5 in Invocations
  7080 | D:6      | Killed ninjaread99's ghost
  7182 | D:6      | Killed porpoise's ghost
  7183 | D:6      | Reached skill level 5 in Short Blades
  7183 | D:6      | Reached skill level 5 in Long Blades
  7183 | D:6      | Reached skill level 5 in Axes
  7183 | D:6      | Reached skill level 5 in Maces & Flails
  7183 | D:6      | Reached skill level 5 in Staves
  7183 | D:6      | Reached skill level 5 in Ranged Weapons
  7183 | D:6      | Reached skill level 5 in Throwing
  7183 | D:6      | Reached skill level 5 in Stealth
  7183 | D:6      | Reached skill level 5 in Shields
  7183 | D:6      | Reached skill level 5 in Unarmed Combat
  7183 | D:6      | Reached skill level 5 in Spellcasting
  7183 | D:6      | Reached skill level 5 in Evocations
  7183 | D:6      | Reached XP level 10. HP: 82/82 MP: 17/17
  7744 | D:7      | Noticed Maurice
  7755 | D:7      | Killed Maurice
  7802 | D:7      | Identified the +9 long sword of Corruption {speed, rElec
                  | rN+}
  8133 | D:8      | Noticed an eight-headed hydra
  8139 | D:8      | Killed an eight-headed hydra
  8140 | D:8      | Reached skill level 5 in Shapeshifting
  8140 | D:8      | Noticed a deep elf pyromancer
  8146 | D:8      | Killed a deep elf pyromancer
  8204 | D:8      | Noticed an eight-headed hydra
  8214 | D:8      | Killed an eight-headed hydra
  8218 | D:8      | Noticed a brown ugly thing
  8250 | D:7      | Killed a brown ugly thing
  8251 | D:7      | Reached skill level 5 in Conjurations
  8251 | D:7      | Reached skill level 5 in Hexes
  8251 | D:7      | Reached skill level 5 in Summonings
  8251 | D:7      | Reached skill level 5 in Necromancy
  8251 | D:7      | Reached skill level 5 in Translocations
  8251 | D:7      | Reached skill level 5 in Fire Magic
  8251 | D:7      | Reached skill level 5 in Ice Magic
  8251 | D:7      | Reached skill level 5 in Air Magic
  8251 | D:7      | Reached skill level 5 in Earth Magic
  8251 | D:7      | Reached skill level 5 in Alchemy
  8251 | D:7      | Reached XP level 11. HP: 53/89 MP: 18/20
  8277 | D:8      | Noticed a cyclops
  8283 | D:8      | Killed a cyclops
  8294 | D:8      | Identified the +5 flail "Ygeipass" {freeze, rElec rCorr
                  | SInv Stlth+}
  8295 | D:8      | Noticed a tengu warrior
  8310 | D:8      | Killed a tengu warrior
  8529 | D:8      | Noticed a salamander
  8534 | D:8      | a salamander changed into a rime drake
  8821 | D:8      | Found Xomas's Jewellery Shoppe.
  9156 | D:9      | Found a blossoming altar of Fedhas.
  9158 | D:9      | Found a sparkling altar of Nemelex Xobeh.
  9179 | D:9      | Reached **** piety under Trog
  9514 | D:9      | Found Fagutu's Armour Shop.
  9636 | D:9      | Noticed a two-headed ogre
  9649 | D:9      | Killed a two-headed ogre
  9650 | D:9      | Reached XP level 12. HP: 82/97 MP: 22/22
  9817 | D:9      | Found a staircase to the Lair.
  9893 | D:10     | Entered Level 10 of the Dungeon
  9915 | D:10     | Noticed a two-headed ogre
  9922 | D:10     | Killed a two-headed ogre
 10032 | D:10     | Found Lidyqiq's General Store.
 10709 | D:9      | Bought the +1 helmet "Siumn" {+Inv Dex+5 Slay+2} for 720
                  | gold pieces
 10817 | D:11     | Reached skill level 10 in Fighting
 10817 | D:11     | Reached skill level 10 in Polearms
 10881 | D:11     | Found a roughly hewn altar of Beogh.
 11027 | D:11     | Found Ejimity's General Store.
 11032 | D:11     | Bought a potion of heal wounds for 70 gold pieces
 11473 | D:12     | Identified the +7 dagger "Beetle's Curse" {drain, rPois
                  | Str+3}
 11491 | D:12     | Reached ***** piety under Trog
 12193 | D:12     | Found a staircase to the Orcish Mines.
 12550 | Lair:1   | Entered Level 1 of the Lair of Beasts
 12584 | Lair:1   | Reached XP level 13. HP: 104/104 MP: 25/25
 12770 | Lair:1   | Found a transporter.
 12772 | Lair:1   | Found a transporter.
 13081 | Lair:1   | Found a glowing golden altar of the Shining One.
 13628 | Lair:2   | Found a transporter.
 13840 | Lair:2   | Found a hole to the Spider Nest.
 14227 | Lair:2   | Found a transporter.
 14258 | Lair:2   | Reached skill level 10 in Armour
 14258 | Lair:2   | Reached skill level 10 in Dodging
 14432 | Lair:2   | Found a staircase to the Swamp.
 14631 | Lair:3   | Identified a scroll of acquirement
 14632 | Lair:3   | Acquired 785 gold pieces
 14774 | D:11     | Bought the ring "Winnehibb" {rPois rF+ rC+ Dex+3} for 662
                  | gold pieces
 14774 | D:11     | Bought a scroll of poison for 56 gold pieces
 15022 | Lair:3   | Noticed Nessos
 15028 | Lair:3   | Killed Nessos
 15028 | Lair:3   | Identified the +9 demon whip of Fuhunupe {flame, *Rage
                  | Dex+5 SInv} (Trog gifted it to you on level 3 of the Lair
                  | of Beasts)
 15028 | Lair:3   | Received a gift from Trog
 15814 | D:8      | Bought a +4 ring of protection for 540 gold pieces
 16045 | Lair:4   | Reached XP level 14. HP: 102/113 MP: 27/27
 16049 | Lair:4   | Reached skill level 10 in Invocations
 16628 | Lair:4   | Found a hazy altar of Hepliaklqana.
 16634 | Lair:4   | Found a viscous altar of Jiyva.
 16925 | Lair:4   | Found a staircase to the Slime Pits.
 17024 | Lair:5   | Entered Level 5 of the Lair of Beasts
 17655 | Lair:5   | Received a gift from Trog
 17800 | Lair:5   | Reached skill level 10 in Short Blades
 17800 | Lair:5   | Reached skill level 10 in Long Blades
 17800 | Lair:5   | Reached skill level 10 in Axes
 17800 | Lair:5   | Reached skill level 10 in Maces & Flails
 17800 | Lair:5   | Reached skill level 10 in Staves
 17800 | Lair:5   | Reached skill level 10 in Ranged Weapons
 17800 | Lair:5   | Reached skill level 10 in Throwing
 17800 | Lair:5   | Reached skill level 10 in Stealth
 17800 | Lair:5   | Reached skill level 10 in Shields
 17800 | Lair:5   | Reached skill level 10 in Unarmed Combat
 17800 | Lair:5   | Reached skill level 10 in Spellcasting
 17800 | Lair:5   | Reached skill level 10 in Evocations
 18462 | D:13     | Noticed Rupert
 18474 | D:12     | Reached XP level 15. HP: 120/120 MP: 29/29
 18592 | D:13     | Found a gate to the Vaults.
 18778 | D:13     | Killed Rupert
 19062 | D:13     | Noticed a fire giant
 19160 | D:13     | Killed a fire giant
 19287 | D:13     | Identified the +0 helmet "Kawoodim" {Harm Stlth+}
 19484 | D:13     | Found a portal to a secret trove of treasure.
 20190 | D:14     | Noticed Louise
 20206 | D:14     | Killed Louise
 20532 | D:14     | Received a gift from Trog
 20565 | D:14     | Noticed an orc warlord
 20577 | D:14     | Killed an orc warlord
 20657 | D:14     | Found a roughly hewn altar of Beogh.
 20903 | D:14     | Noticed Josephine
 20936 | D:14     | Killed Josephine
 21070 | D:14     | Noticed Snorg
 21093 | D:13     | Killed Snorg
 21515 | D:15     | Entered Level 15 of the Dungeon
 21680 | D:15     | Reached skill level 10 in Shapeshifting
 21818 | D:15     | Found a sparkling altar of Nemelex Xobeh.
 21872 | Abyss:2  | Cast into level 2 of the Abyss (an occultist)
 21878 | Abyss:2  | Noticed a tentacled starspawn
 21890 | Abyss:2  | Killed a tentacled starspawn
 21891 | Abyss:2  | Reached XP level 16. HP: 123/129 MP: 30/30
 21923 | D:15     | Escaped the Abyss
 22208 | D:15     | Found a staircase to the Depths.
 22368 | Orc:1    | Entered Level 1 of the Orcish Mines
 22541 | Orc:1    | Received a gift from Trog
 22704 | Orc:2    | Entered Level 2 of the Orcish Mines
 22705 | Orc:2    | Found a dark tunnel.
 22725 | Orc:2    | Noticed Sonja
 22726 | Orc:2    | Killed Sonja
 22760 | Volcano  | Entered a volcano
 23573 | Orc:2    | Found a runed translucent gate.
 23573 | Orc:2    | Identified the +1 chain mail "Hiem" {rN+ Dex+4}
 23573 | Orc:2    | Noticed smashvw's ghost (journeyman MiFi)
 23574 | Orc:2    | Found a runed translucent gate.
 23575 | Orc:2    | Found a runed translucent gate.
 23593 | Orc:2    | Found a roughly hewn altar of Beogh.
 23629 | Orc:2    | Found a staircase to the Elven Halls.
 23685 | Orc:2    | Found Etuluos's Book Shop.
 24281 | Orc:2    | Found Vias's Weapon Shop.
 24283 | Orc:2    | Found Erritah's General Store.
 24283 | Orc:2    | Found Esetoumn's Magic Scroll Boutique.
 24283 | Orc:2    | Found Asurhi's Magic Scroll Shoppe.
 24291 | Orc:2    | Bought a scroll of teleportation for 39 gold pieces
 24614 | Orc:1    | HP: 2/90 [smashvw's ghost (4)]
 24623 | Orc:1    | Killed smashvw's ghost
 24773 | Orc:2    | Identified the +0 hat "Nueniegyc" {rElec Str+3}
 24966 | D:13     | You paid a toll of 13 scrolls of teleportation to enter a
                  | treasure trove
 24967 | Trove    | Entered a treasure trove
 24971 | Trove    | Identified the amulet "Coib" {Faith +Blink rF- SInv}
 24973 | Trove    | Identified the ring of Dipluro {rPois rN+ MP+9 Int+6}
 24981 | Trove    | Identified the ring of Kaqoo {Fire rN+++ Will- rCorr}
 24987 | Trove    | Identified the ring of Relativism {rPois Slay+4}
 25154 | D:9      | Bought a +2 pair of gloves for 280 gold pieces
 25379 | Orc:2    | Bought 3 scrolls of teleportation for 144 gold pieces
 25675 | Swamp:1  | Entered Level 1 of the Swamp
 25675 | Swamp:1  | Noticed Donald
 25692 | Lair:2   | Killed Donald
 26034 | Swamp:1  | Received a gift from Trog
 26075 | Swamp:1  | Found a transporter.
 26078 | Swamp:1  | Noticed a tentacled monstrosity
 26086 | Swamp:1  | Noticed a thorn hunter
 26090 | Swamp:1  | Found a transporter.
 26778 | Orc:2    | Bought 6 silver javelins for 702 gold pieces
 27105 | Swamp:1  | Noticed a fenstrider witch
 27125 | Swamp:1  | Killed a thorn hunter
 27292 | Swamp:1  | Reached XP level 17. HP: 109/137 MP: 32/32
 27297 | Swamp:1  | Identified the +9 falchion "Kefitruwk" {venom, rElec rC+}
 27405 | Swamp:1  | Identified the ring "Puech" {rElec rPois rCorr MP+9 Str-5
                  | Stlth+}
 27465 | Swamp:1  | Killed a tentacled monstrosity
 27591 | Swamp:1  | Reached skill level 10 in Conjurations
 27591 | Swamp:1  | Reached skill level 10 in Hexes
 27591 | Swamp:1  | Reached skill level 10 in Summonings
 27591 | Swamp:1  | Reached skill level 10 in Necromancy
 27591 | Swamp:1  | Reached skill level 10 in Translocations
 27591 | Swamp:1  | Reached skill level 10 in Fire Magic
 27591 | Swamp:1  | Reached skill level 10 in Ice Magic
 27591 | Swamp:1  | Reached skill level 10 in Air Magic
 27591 | Swamp:1  | Reached skill level 10 in Earth Magic
 27591 | Swamp:1  | Reached skill level 10 in Alchemy
 28932 | Swamp:3  | Paralysed by a fenstrider witch for 5 turns
 29214 | Swamp:3  | Reached ****** piety under Trog
 29491 | Swamp:4  | Entered Level 4 of the Swamp
 29559 | Swamp:4  | Received a gift from Trog
 30429 | Swamp:4  | Received a gift from Trog
 30434 | Swamp:4  | Slain by a six-headed hydra simulacrum

Illustrated notes

Levels and vault maps discovered:
D:1:      scummos_arrival_star, layout_basic, chequers_ecumenical_altar_lobes,
          minmay_misc_feat_diagonals, st_stairs_5, minmay_misc_feat_pillars
D:2:      layout_basic
D:3:      layout_basic, mainiacjoe_overflow_paths
D:4:      layout_cave_pools, mainiacjoe_overflow_tiny_flanked, tgw_sif,
          minmay_temple_entry_statues_pillars
D:5:      layout_cave_pools, minmay_overflow_temple_star_hex,
          mainiacjoe_overflow_catwalk, minmay_ogre_servants, uniq_prince_ribbit1
D:6:      layout_layer_cave, eat_drink_and_be_merry_uskayaw,
          gammafunk_ghost_cemetery
D:7:      layout_basic, uniq_maurice
D:8:      minmay_the_grid_octo_tiled_squarecenter
          [minmay_the_grid_octo_checkered, minmay_the_grid_octo_checkerflower,
          minmay_the_grid_octo_toaster, minmay_the_grid_octo_clover,
          minmay_the_grid_square_5x5_megaprize_open,
          minmay_the_grid_square_5x5_beaten_path,
          minmay_the_grid_square_5x5_bite, minmay_the_grid_square_5x5_checkered,
          minmay_the_grid_square_5x5_doubleslash], layout_cave_pools,
          serial_shops, shop
D:9:      layout_loops_ring, grunt_temple_overflow_open,
          grunt_lair_entry_orc_guard_hut, serial_shops,
          nicolae_shop_tiny_statue_garden
D:10:     layout_irregular_city, serial_shops, nicolae_take_the_stairs,
          serial_column_ruins, column_ruins_square_medium,
          column_ruins_hut_ruined, column_ruins_columns_corner,
          column_ruins_columns_corner, column_ruins_open_small,
          column_ruins_corridor_straight, column_ruins_open_tiny
D:11:     layout_roguey [special_room_orc], serial_shops, shop
D:12:     layout_loops_ring, david_orc_1_choice, serial_library_hellmonk_room_c,
          kennysheep_generic_room_15
D:13:     layout_basic, hellmonk_vaults_order_and_chaos,
          nicolae_trove_entry_diagonal, minmay_checkered_concentric_circles,
          uniq_rupert
D:14:     layout_loops_ring, lightli_church_of_beogh, uniq_josephine,
          uniq_louise, uniq_snorg
D:15:     hellmonk_depths_entry_around_the_bend, layout_cave_pools,
          nemelex_xobeh_ov_fountains_minmay
Lair:1:   gammafunk_boulding_lane, layout_gridlike, basic_altar,
          serial_bayou_ford_a, chequers_serial_rivers_small_a
Lair:2:   gammafunk_cloud_chamber, layout_cave_pods,
          minmay_swamp_entry_reptiles, nicolae_spider_entry_orb_guardian,
          lemuel_fruit_fields, grunt_megastairs_5, infiniplex_staircase_pool
Lair:3:   layout_misc_corridors, serial_rivers, chequers_serial_rivers_micro_d,
          chequers_serial_rivers_small_b, chequers_serial_rivers_small_a,
          chequers_serial_rivers_small_b, chequers_serial_rivers_small_3,
          chequers_serial_rivers_small_a, chequers_serial_rivers_marsh,
          uniq_nessos
Lair:4:   layout_regular_city, minmay_slime_entry_oklob_open, basic_altar,
          grunt_megastairs_3
Lair:5:   evilmike_catoblepas_cave, layout_regular_city, lemuel_fruit_fields,
          grunt_megastairs_2, lemuel_fruit_fields, serial_bayou_shore_a
Swamp:1:  gammafunk_sealed_arena, layout_basic_swamp,
          evilmike_swamp_ruin_house_2, swamp_pool_1_2, nzn_swamp_blast_mining,
          uniq_donald
Swamp:2:  layout_basic_swamp, evilmike_swamp_ruin_house_4, swamp_pool_4,
          nicolae_swamp_tree_isthmus
Swamp:3:  layout_basic_swamp, serial_swamp_ruin, evilmike_swamp_ruin_rubble_1,
          evilmike_swamp_ruin_house_5
Swamp:4:  swamp_icy, layout_basic_swamp, swamp_pool_4
Orc:1:    layout_caves
Orc:2:    st_orc_ogre_mass, layout_diamond_mine, serial_shops, shop,
          enter_volcano_2, biasface_ghost_orc_armoury,
          nicolae_orc_found_a_spring, uniq_sonja

Skill      XL: |  1  2  3  4  5  6  7  8  9 10 11 12 13 14 15 16 17 |
---------------+----------------------------------------------------+-----
Invocations    | 1 2 3 4 5 6 7 8 9 10 11 12 13 | 13.5
Short Blades   | 1 2 3 5 6 7 8 9 10 11 12 | 12.4
Long Blades    | 1 2 3 5 6 7 8 9 10 11 12 | 12.4
Axes           | 1 2 3 5 6 7 8 9 10 11 12 | 12.4
Maces & Flails | 1 2 3 5 6 7 8 9 10 11 12 | 12.4
Staves         | 1 2 3 5 6 7 8 9 10 11 12 | 12.4
Ranged Weapons | 1 2 3 5 6 7 8 9 10 11 12 | 12.4
Throwing       | 1 2 3 5 6 7 8 9 10 11 12 | 12.4
Stealth        | 1 2 3 5 6 7 8 9 10 11 12 | 12.4
Shields        | 1 2 3 5 6 7 8 9 10 11 12 | 12.4
Unarmed Combat | 1 2 3 5 6 7 8 9 10 11 12 | 12.4
Spellcasting   | 1 2 3 5 6 7 8 9 10 11 12 | 12.4
Evocations     | 1 2 3 5 6 7 8 9 10 11 12 | 12.4
Shapeshifting  | 1 2 3 4 5 6 7 8 9 10 11 | 11.4
Conjurations   | 1 2 3 4 5 6 7 8 9 10 | 10.5
Hexes          | 1 2 3 4 5 6 7 8 9 10 | 10.5
Summonings     | 1 2 3 4 5 6 7 8 9 10 | 10.5
Necromancy     | 1 2 3 4 5 6 7 8 9 10 | 10.5
Translocations | 1 2 3 4 5 6 7 8 9 10 | 10.5
Fire Magic     | 1 2 3 4 5 6 7 8 9 10 | 10.5
Ice Magic      | 1 2 3 4 5 6 7 8 9 10 | 10.5
Air Magic      | 1 2 3 4 5 6 7 8 9 10 | 10.5
Earth Magic    | 1 2 3 4 5 6 7 8 9 10 | 10.5
Alchemy        | 1 2 3 4 5 6 7 8 9 10 | 10.5
Armour         | 5 6 7 8 9 10 11 12 13 | 13.2
Dodging        | 5 6 7 8 9 10 11 12 13 | 13.2
Fighting       | 7 8 9 10 11 12 13 | 13.9
Polearms       | 7 8 9 10 11 12 13 | 13.9

Action                     |  1- 3 |  4- 6 |  7- 9 | 10-12 | 13-15 | 16-18 || total
---------------------------+-------+-------+-------+-------+-------+-------++-------
  Melee: Spear             |   139 |   174 |   302 |    61 |       |       ||   676
         Bite              |     6 |    10 |    34 |    92 |   254 |   158 ||   554
         Dire flail        |       |       |    66 |       |       |       ||    66
         Long sword        |       |       |       |   496 |   696 |       ||  1192
         Trident           |       |       |       |    55 |    70 |       ||   125
         Flail             |       |       |       |    12 |       |       ||    12
         Demon whip        |       |       |       |       |   146 |    12 ||   158
         Demon trident     |       |       |       |       |   409 |  1209 ||  1618
  Throw: Dart              |       |       |     6 |    17 |    52 |     1 ||    76
         Javelin           |       |       |       |     6 |     5 |     2 ||    13
         Boomerang         |       |       |       |       |     3 |    24 ||    27
 Invoke: Berserk           |       |     3 |    10 |    10 |    12 |    11 ||    46
         Trog's Hand       |       |     1 |     2 |     4 |     2 |     7 ||    16
         Brothers in Arms  |       |       |       |     1 |       |     1 ||     2
  Evoke: Wand              |       |       |       |     1 |    12 |     1 ||    14
         Lightning rod     |       |       |       |     5 |       |     4 ||     9
         Condenser vane    |       |       |       |     1 |     1 |     1 ||     3
    Use: Scroll            |       |       |       |    27 |     2 |     8 ||    37
         Potion            |       |       |       |     2 |       |     4 ||     6
   Stab: Sleeping          |       |       |       |       |     3 |     3 ||     6
         Distracted        |       |       |       |       |     1 |       ||     1
 Armour: Animal skin       |    10 |       |       |       |       |       ||    10
         Ring mail         |    35 |       |       |       |       |       ||    35
         Scale mail        |    10 |    66 |    10 |       |       |       ||    86
         Acid dragon scale |       |       |    79 |       |       |       ||    79
         Chain mail        |       |       |   192 |   302 |   471 |       ||   965
         Plate armour      |       |       |       |       |   243 |   870 ||  1113
  Dodge: Dodged            |    33 |    40 |   148 |   183 |   452 |   375 ||  1231
  Block: Buckler           |     5 |    14 |    53 |    34 |       |       ||   106
         Kite shield       |       |       |       |   234 |   859 |   592 ||  1685
         Tower shield      |       |       |       |       |       |   304 ||   304

Table legend: (Time is in decaauts)
 A = Elapsed time spent in this place.
 B = Non-inter-level travel time spent in this place.
 C = Inter-level travel time spent in this place.
 D = Time resting spent in this place.
 E = Time spent auto-exploring this place.
 F = Levels seen in this place.
 G = Mean time per level.
                   A        B        C        D        E       F      G
               +--------+--------+--------+--------+--------+-----+--------+
         Total |  29983 |  25837 |   4146 |   1932 |  17013 |  29 | 1033.9 |
       Dungeon |  17922 |  15275 |   2647 |   1205 |  10469 |  15 | 1194.8 |
          Lair |   5815 |   4994 |    821 |    366 |   3406 |   5 | 1163.0 |
         Swamp |   3537 |   3202 |    335 |    129 |   1903 |   4 |  884.2 |
  Orcish Mines |   2379 |   2037 |    342 |    231 |   1122 |   2 | 1189.5 |
         Abyss |     42 |     42 |      0 |      0 |      0 |   1 |   42.0 |
         Trove |     36 |     36 |      0 |      0 |      0 |   1 |   36.0 |
       Volcano |    248 |    248 |      0 |      0 |    111 |   1 |  248.0 |
               +--------+--------+--------+--------+--------+-----+--------+

Top non-repeatable levels by time:
     D:6: 2882 daAuts
    D:13: 2008 daAuts
  Lair:2: 1738 daAuts
   Orc:2: 1637 daAuts
     D:9: 1573 daAuts
    D:12: 1566 daAuts
 Swamp:1: 1254 daAuts
     D:5: 1240 daAuts
  Lair:5: 1172 daAuts
    D:14: 1103 daAuts
  Lair:1: 1080 daAuts
     D:4: 1079 daAuts
     D:8: 1079 daAuts
  Lair:4: 1077 daAuts
    D:10: 945 daAuts
